AoeStats
← 精銳萌古騎豬突猛進

MegaRandom

510534964Analyzed
4v4 RM · 23h ago on Oct 1, 2026· 21m 28s· 8 players
Game mode
Random Map
Map size
Large (8 player)
Population
200
Speed
Normal
Resources
Standard
Victory
Conquest
Starting age
Dark Age
Ending age
Imperial Age
RankedLock teamsTeams togetherTeam positionsShared explorationLock speedFull tech treeHidden civsTurbo modeCheats
Victory
Defeat
🇪🇸 Britons · Spain
1436
+13
🇺🇸 Sicilians · United States
1370
+15
1356
+16
🇬🇧 Varangians · United Kingdom
1327
+17
🇨🇳 Maya · China
1427
-19
🇸🇬 Mongols · Singapore
1352
-15
🇨🇳 Malians · China
1329
-14
1313
-13
鱼塘里的鱼儿
9:09 Loom
9:51 Loom
12:03 Feudal Age
16:28 Castle Age
19:48 Town Watch
'The Glue'
9:44 Loom
11:59 Feudal Age
15:30 Castle Age
15:28 Forging
15:23 Scale Barding Armor
16:04 Bloodlines
17:07 Husbandry
VaultBoy
10:21 Feudal Age
15:47 Castle Age
14:13 Double-Bit Axe
14:19 Horse Collar
15:42 Gold Mining
15:43 Stone Mining
17:00 Bow Saw
18:10 Heavy Plow
20:10 Fletching
20:55 Loom
21:11 Bodkin Arrow
Izuru Alexandros RÆ
10:50 Feudal Age
15:55 Castle Age
14:15 Double-Bit Axe
17:04 Wheelbarrow
17:50 Bow Saw
19:15 Fishing Lines
19:49 Gold Mining
用爱感化队友
12:19 Feudal Age
16:23 Castle Age
14:51 Double-Bit Axe
16:41 Scale Barding Armor
16:21 Horse Collar
17:21 Loom
18:05 Bow Saw
21:09 Sanctity
21:25 Chain Barding Armor
missed and miss
8:29 Loom
10:50 Feudal Age
13:10 Stone Mining
15:36 Fletching
精銳萌古騎豬突猛進
1:38 Loom
11:41 Feudal Age
12:04 Horse Collar
12:12 Double-Bit Axe
18:20 Castle Age
20:08 Heavy Plow
20:19 Bow Saw
21:17 Fletching
8316699
10:47 Feudal Age
13:32 Bloodlines
19:05 Scale Barding Armor
20:19 Forging
Connection lost

Rejoining the realm…

Still unreachable

The connection could not be restored.

Session expired

The server has moved on; the page needs a fresh start.